TOP OF THE 1ST |
Tennessee Smokies batting - Pitching for Biloxi Shuckers : LHP Jamie Blake
|
Pitching: LHP Jamie Blake
|
|
Batting: RHB Eric Wiss
|
0-0: Foul Ball, location: 2F 0-1: Swinging Strike 0-2: Strikes out looking
|
Batting: LHB Kwang-chih Men
|
0-0: SINGLE (Groundball, 34D, EV 98.8 MPH)
|
Batting: RHB Brad Santanello
|
0-0: Called Strike 0-1: Fielders Choice at 2nd, 4-6 (Groundball, 4, EV 82.5 MPH)
|
Batting: RHB Ricardo Aguinaga
|
0-0: Called Strike 0-1: Ball 1-1: Foul Ball, location: 2F 1-2: Fly out, F6 (Popup, 6MS, EV 69.4 MPH)
|
Top of the 1st over - 0 runs, 1 hit, 0 errors, 1 left on base; Tennessee 0 - Biloxi 0 |
BOTTOM OF THE 1ST |
Biloxi Shuckers batting - Pitching for Tennessee Smokies : RHP Mark Duffy
|
Pitching: RHP Mark Duffy
|
|
Batting: RHB Hector Silva
|
0-0: Ball 1-0: Fly out, F8 (Flyball, 8RXD, EV 109.4 MPH)
|
Batting: RHB Ben Taylor
|
0-0: Ball 1-0: Ball 2-0: Called Strike 2-1: Foul Ball, location: 2F 2-2: Fly out, F8 (Flyball, 8RXD, EV 104.4 MPH)
|
Batting: RHB Josh Nelson
|
0-0: Ball 1-0: Fly out, F7 (Flyball, 7D, EV 95.6 MPH)
|
Bottom of the 1st over - 0 runs, 0 hits, 0 errors, 0 left on base; Tennessee 0 - Biloxi 0 |
TOP OF THE 2ND |
Tennessee Smokies batting - Pitching for Biloxi Shuckers : LHP Jamie Blake
|
Batting: SHB Nick Chandler
|
0-0: Called Strike 0-1: Ball 1-1: Fly out, F7 (Flyball, 7LM, EV 100.6 MPH)
|
Batting: RHB David Barnard
|
0-0: Called Strike 0-1: Swinging Strike 0-2: Strikes out swinging
|
Batting: SHB Gabriel Cruz
|
0-0: Ball 1-0: Swinging Strike 1-1: Ball 2-1: Ball 3-1: Swinging Strike 3-2: Strikes out swinging
|
Top of the 2nd over - 0 runs, 0 hits, 0 errors, 0 left on base; Tennessee 0 - Biloxi 0 |
BOTTOM OF THE 2ND |
Biloxi Shuckers batting - Pitching for Tennessee Smokies : RHP Mark Duffy
|
Batting: RHB Vinny Estrada
|
0-0: Swinging Strike 0-1: Foul Ball, location: 2F 0-2: Foul Ball, location: 2F 0-2: Strikes out swinging
|
Batting: SHB Sam Bingham
|
0-0: Ball 1-0: DOUBLE (Line Drive, 8RXD, EV 113.8 MPH)
|
Batting: RHB Steve Byerly
|
0-0: Ball 1-0: Ball 2-0: Called Strike 2-1: Foul Ball, location: 2F 2-2: Fly out, F8 (Line Drive, 8RM, EV 97.5 MPH)
|
Batting: RHB Brian Landrum
|
0-0: Fly out, F7 (Flyball, 7S, EV 91.9 MPH)
|
Bottom of the 2nd over - 0 runs, 1 hit, 0 errors, 1 left on base; Tennessee 0 - Biloxi 0 |
TOP OF THE 3RD |
Tennessee Smokies batting - Pitching for Biloxi Shuckers : LHP Jamie Blake
|
Batting: LHB Wing-tat Tai
|
0-0: Called Strike 0-1: Ball 1-1: Ball 2-1: Ball 3-1: SINGLE (Line Drive, 7S, EV 96.9 MPH)
|
Batting: LHB Adam Conover
|
0-0: Called Strike 0-1: Foul Ball, location: 2F 0-2: Strikes out swinging
|
Batting: RHB Eric Wiss
|
0-0: Ball 1-0: Ball 2-0: Foul Ball, location: 2F 2-1: Foul Ball, location: 2F 2-2: Foul Ball, location: 2F 2-2: Ball 3-2: Foul Ball, location: 2F 3-2: SINGLE (Groundball, 6MS, EV 64.4 MPH) (infield hit) Wing-tat Tai to second
|
Batting: LHB Kwang-chih Men
|
0-0: Called Strike 0-1: Ball 1-1: Foul Ball, location: 2F 1-2: Foul Ball, location: 2F 1-2: Foul Ball, location: 2F 1-2: Ball 2-2: DOUBLE (Flyball, 89D, EV 109.4 MPH) Wing-tat Tai scores Eric Wiss to third
|
Batting: RHB Brad Santanello
|
0-0: Ball 1-0: Ball 2-0: Fly out, F8 (Flyball, 8RD, EV 83.1 MPH) Runner from 3rd tags up, SCORES, throw by CF Kwang-chih Men to third
|
Batting: RHB Ricardo Aguinaga
|
0-0: Ball 1-0: Ball 2-0: Fly out, F8 (Line Drive, 8LD, EV 94.4 MPH)
|
Top of the 3rd over - 2 runs, 3 hits, 0 errors, 1 left on base; Tennessee 2 - Biloxi 0 |
BOTTOM OF THE 3RD |
Biloxi Shuckers batting - Pitching for Tennessee Smokies : RHP Mark Duffy
|
Batting: RHB Juan Villanueva
|
0-0: Fly out, F8 (Flyball, 8LD, EV 83.1 MPH)
|
Batting: SHB Robert Sayer
|
0-0: Called Strike 0-1: Swinging Strike 0-2: Strikes out swinging
|
Batting: RHB Hector Silva
|
0-0: Called Strike 0-1: Ball 1-1: Ball 2-1: Fly out, F8 (Flyball, 8RM, EV 90.0 MPH)
|
Bottom of the 3rd over - 0 runs, 0 hits, 0 errors, 0 left on base; Tennessee 2 - Biloxi 0 |
TOP OF THE 4TH |
Tennessee Smokies batting - Pitching for Biloxi Shuckers : LHP Jamie Blake
|
Batting: SHB Nick Chandler
|
0-0: SOLO HOME RUN (Line Drive, 89XD, EV 113.1 MPH), Distance : 436 ft
|
Batting: RHB David Barnard
|
0-0: Ball 1-0: Called Strike 1-1: Called Strike 1-2: Fly out, F8 (Line Drive, 89D, EV 85.0 MPH)
|
Batting: SHB Gabriel Cruz
|
0-0: Swinging Strike 0-1: Foul Ball, location: 2F 0-2: Strikes out looking
|
Batting: LHB Wing-tat Tai
|
0-0: Fly out, F6 (Line Drive, 6, EV 65.6 MPH)
|
Top of the 4th over - 1 run, 1 hit, 0 errors, 0 left on base; Tennessee 3 - Biloxi 0 |
BOTTOM OF THE 4TH |
Biloxi Shuckers batting - Pitching for Tennessee Smokies : RHP Mark Duffy
|
Batting: RHB Ben Taylor
|
0-0: Ball 1-0: Fly out, F7 (Flyball, 7LSF, EV 93.8 MPH)
|
Batting: RHB Josh Nelson
|
0-0: Called Strike 0-1: Foul Ball, location: 2F 0-2: Strikes out swinging
|
Batting: RHB Vinny Estrada
|
0-0: Ball 1-0: Foul Ball, location: 2F 1-1: Ball 2-1: SINGLE (Groundball, 6S, EV 70.0 MPH) (infield hit)
|
Batting: SHB Sam Bingham
|
0-0: Ball Vinny Estrada steals 2nd base (no throw) 1-0: Foul Ball, location: 2F 1-1: 2-RUN HOME RUN (Flyball, 9D, EV 95.6 MPH), Distance : 371 ft
|
Batting: RHB Steve Byerly
|
0-0: Ball 1-0: Ball 2-0: Foul Ball, location: 2F 2-1: SINGLE (Line Drive, 89S, EV 103.1 MPH)
|
Batting: RHB Brian Landrum
|
0-0: Ball 1-0: Fielders Choice at 2nd, 6-4 (Groundball, 6, EV 91.9 MPH)
|
Bottom of the 4th over - 2 runs, 3 hits, 0 errors, 1 left on base; Tennessee 3 - Biloxi 2 |
TOP OF THE 5TH |
Tennessee Smokies batting - Pitching for Biloxi Shuckers : LHP Jamie Blake
|
Batting: LHB Adam Conover
|
0-0: Ball 1-0: Ball 2-0: Ball 3-0: Called Strike 3-1: Ground out 4-3 (Groundball, 4S, EV 71.2 MPH)
|
Batting: RHB Eric Wiss
|
0-0: Foul Ball, location: 2F 0-1: Called Strike 0-2: Ball 1-2: Ball 2-2: Ball 3-2: Ground out 2-3 (Groundball, 2L, EV 73.8 MPH)
|
Batting: LHB Kwang-chih Men
|
0-0: Called Strike 0-1: Ball 1-1: Ground out 6-3 (Groundball, 6M, EV 85.0 MPH)
|
Top of the 5th over - 0 runs, 0 hits, 0 errors, 0 left on base; Tennessee 3 - Biloxi 2 |
BOTTOM OF THE 5TH |
Biloxi Shuckers batting - Pitching for Tennessee Smokies : RHP Mark Duffy
|
Batting: RHB Juan Villanueva
|
0-0: Ball 1-0: Ground out 3-1 (Groundball, 34S, EV 85.6 MPH)
|
Batting: SHB Robert Sayer
|
0-0: SINGLE (Groundball, 34S, EV 71.9 MPH) (infield hit)
|
Pinch Runner at 1st Adam Hill:
|
|
Batting: RHB Hector Silva
|
0-0: SINGLE (Groundball, 6M, EV 101.2 MPH) Adam Hill to second
|
Batting: RHB Ben Taylor
|
0-0: Swinging Strike 0-1: Swinging Strike 0-2: Ball 1-2: Foul Ball, location: 2F 1-2: Foul Ball, location: 2F 1-2: Strikes out swinging
|
Pitching: RHP Adrian Dorsi
|
|
Batting: RHB Josh Nelson
|
0-0: Ball 1-0: Swinging Strike 1-1: Foul Ball, location: 2F 1-2: Ball 2-2: DOUBLE (Flyball, 78XD, EV 100.0 MPH) Adam Hill scores Hector Silva to third Runner from 3rd tries for Home, SAFE, throw by LF to home
|
Batting: RHB Vinny Estrada
|
0-0: Fly out, F9 (Flyball, 9, EV 79.4 MPH)
|
Bottom of the 5th over - 2 runs, 3 hits, 0 errors, 1 left on base; Tennessee 3 - Biloxi 4 |
TOP OF THE 6TH |
Tennessee Smokies batting - Pitching for Biloxi Shuckers : LHP Jamie Blake
|
Now at SS: Adam Hill
|
|
Batting: RHB Brad Santanello
|
0-0: SINGLE (Line Drive, 4MD, EV 109.4 MPH)
|
Batting: RHB Ricardo Aguinaga
|
0-0: Called Strike 0-1: Ball 1-1: Foul Ball, location: 2F 1-2: Ball 2-2: Strikes out looking
|
Batting: SHB Nick Chandler
|
0-0: Swinging Strike 0-1: Swinging Strike 0-2: Ball 1-2: Ball 2-2: Strikes out swinging
|
Batting: RHB David Barnard
|
0-0: SINGLE (Groundball, 6D, EV 104.4 MPH) Brad Santanello to second Runner from 2nd tries for 3rd, SAFE, throw by CF made to third
|
Batting: SHB Gabriel Cruz
|
0-0: Foul Ball, location: 2F 0-1: Foul Ball, location: 2F 0-2: Ball 1-2: 3-RUN HOME RUN (Flyball, 78XD, EV 108.1 MPH), Distance : 423 ft
|
Pitching: RHP Josh Kenyon
|
|
Batting: LHB Wing-tat Tai
|
0-0: Ball 1-0: Foul Ball, location: 2F 1-1: Foul Ball, location: 2F 1-2: Foul Ball, location: 2F 1-2: Ball 2-2: Foul Ball, location: 2F 2-2: Strikes out swinging
|
Top of the 6th over - 3 runs, 3 hits, 0 errors, 0 left on base; Tennessee 6 - Biloxi 4 |
BOTTOM OF THE 6TH |
Biloxi Shuckers batting - Pitching for Tennessee Smokies : RHP Adrian Dorsi
|
Batting: SHB Sam Bingham
|
0-0: Foul Ball, location: 2F 0-1: Foul Ball, location: 2F 0-2: Ball 1-2: Ball 2-2: Strikes out swinging
|
Batting: RHB Steve Byerly
|
0-0: Called Strike 0-1: Foul Ball, location: 2F 0-2: Fly out, F8 (Flyball, 8RM, EV 96.9 MPH)
|
Batting: RHB Brian Landrum
|
0-0: Ground out 4-3 (Groundball, 4S, EV 81.9 MPH)
|
Bottom of the 6th over - 0 runs, 0 hits, 0 errors, 0 left on base; Tennessee 6 - Biloxi 4 |
TOP OF THE 7TH |
Tennessee Smokies batting - Pitching for Biloxi Shuckers : RHP Josh Kenyon
|
Batting: LHB Adam Conover
|
0-0: Called Strike 0-1: Swinging Strike 0-2: Strikes out looking
|
Batting: RHB Eric Wiss
|
0-0: Ball 1-0: Ball 2-0: Called Strike 2-1: Swinging Strike 2-2: Foul Ball, location: 2F 2-2: Strikes out swinging, 2-3 out at first.
|
Batting: LHB Kwang-chih Men
|
0-0: Called Strike 0-1: Ball 1-1: Ball 2-1: Called Strike 2-2: Ball 3-2: SOLO HOME RUN (Flyball, 9D, EV 97.5 MPH), Distance : 379 ft
|
Batting: RHB Brad Santanello
|
0-0: Fly out, F9 (Flyball, 9, EV 86.9 MPH)
|
Top of the 7th over - 1 run, 1 hit, 0 errors, 0 left on base; Tennessee 7 - Biloxi 4 |
BOTTOM OF THE 7TH |
Biloxi Shuckers batting - Pitching for Tennessee Smokies : RHP Adrian Dorsi
|
Batting: RHB Juan Villanueva
|
0-0: Ball 1-0: Ball 2-0: Swinging Strike 2-1: Called Strike 2-2: Ball 3-2: Foul Ball, location: 2F 3-2: Fly out, F8 (Line Drive, 8RD, EV 97.5 MPH)
|
Batting: LHB Adam Hill
|
0-0: Fly out, F9 (Flyball, 89M, EV 81.9 MPH)
|
Batting: RHB Hector Silva
|
0-0: Called Strike 0-1: Ball 1-1: Called Strike 1-2: Ball 2-2: Ball 3-2: Base on Balls
|
Batting: RHB Ben Taylor
|
0-0: Foul Ball, location: 2F 0-1: Fly out, F8 (Flyball, 8RM, EV 93.8 MPH)
|
Bottom of the 7th over - 0 runs, 0 hits, 0 errors, 1 left on base; Tennessee 7 - Biloxi 4 |
TOP OF THE 8TH |
Tennessee Smokies batting - Pitching for Biloxi Shuckers : RHP Josh Kenyon
|
Pitching: LHP Jim McCutcheon
|
|
Batting: RHB Ricardo Aguinaga
|
0-0: Called Strike 0-1: Ground out 4-3 (Groundball, 4M, EV 97.5 MPH)
|
Batting: SHB Nick Chandler
|
0-0: Called Strike 0-1: Ball 1-1: Foul Ball, location: 2F 1-2: Ball 2-2: Foul Ball, location: 2F 2-2: Strikes out swinging
|
Batting: RHB David Barnard
|
0-0: Ball 1-0: Ball 2-0: Foul Ball, location: 2F 2-1: Ball 3-1: Foul Ball, location: 2F 3-2: Fly out, F9 (Flyball, 9LSF, EV 78.8 MPH)
|
Top of the 8th over - 0 runs, 0 hits, 0 errors, 0 left on base; Tennessee 7 - Biloxi 4 |
BOTTOM OF THE 8TH |
Biloxi Shuckers batting - Pitching for Tennessee Smokies : RHP Adrian Dorsi
|
Pitching: LHP Colin Scott
|
|
Batting: RHB Josh Nelson
|
0-0: Ball 1-0: Ball 2-0: Swinging Strike 2-1: Foul Ball, location: 2F 2-2: Strikes out swinging
|
Batting: RHB Vinny Estrada
|
0-0: Ball 1-0: Called Strike 1-1: Foul Ball, location: 2F 1-2: Ball 2-2: Ball 3-2: Strikes out looking
|
Batting: SHB Sam Bingham
|
0-0: Ball 1-0: Ball 2-0: Swinging Strike 2-1: Called Strike 2-2: Ball 3-2: Base on Balls
|
Batting: RHB Steve Byerly
|
0-0: Fielders Choice at 2nd, 6-4 (Groundball, 6, EV 89.4 MPH)
|
Bottom of the 8th over - 0 runs, 0 hits, 0 errors, 1 left on base; Tennessee 7 - Biloxi 4 |
TOP OF THE 9TH |
Tennessee Smokies batting - Pitching for Biloxi Shuckers : LHP Jim McCutcheon
|
Pitching: RHP Ernie Schmutz
|
|
Batting: SHB Gabriel Cruz
|
0-0: Foul Ball, location: 2F 0-1: Called Strike 0-2: Strikes out looking
|
Batting: LHB Wing-tat Tai
|
0-0: Foul Ball, location: 2F 0-1: Called Strike 0-2: Foul Ball, location: 2F 0-2: Ball 1-2: Strikes out swinging
|
Batting: LHB Adam Conover
|
0-0: Called Strike 0-1: Called Strike 0-2: Foul Ball, location: 2F 0-2: Ball 1-2: Foul Ball, location: 2F 1-2: Ball 2-2: Ground out 4-3 (Groundball, 34, EV 101.9 MPH)
|
Top of the 9th over - 0 runs, 0 hits, 0 errors, 0 left on base; Tennessee 7 - Biloxi 4 |
BOTTOM OF THE 9TH |
Biloxi Shuckers batting - Pitching for Tennessee Smokies : LHP Colin Scott
|
Pitching: RHP Harry Poindexter
|
|
Batting: RHB Brian Landrum
|
0-0: Called Strike 0-1: Foul Ball, location: 2F 0-2: Strikes out swinging
|
Batting: RHB Juan Villanueva
|
0-0: Ball 1-0: Ball 2-0: Called Strike 2-1: Called Strike 2-2: Strikes out swinging
|
Batting: LHB Adam Hill
|
0-0: Foul Ball, location: 2F 0-1: Ball 1-1: Foul Ball, location: 2F 1-2: Foul Ball, location: 2F 1-2: Foul Ball, location: 2F 1-2: Strikes out swinging
|
Bottom of the 9th over - 0 runs, 0 hits, 0 errors, 0 left on base; Tennessee 7 - Biloxi 4 |
|